 Dungeon Sprint DCSS version 0.29-a0-517-gbdf32494f2 (webtiles) character file.

Game seed: 5668353538623677583

4201 mhtbhm the Grappler (level 10, -1/94 HPs)
             Began as a Troll Transmuter on May 30, 2022.
             Was an Initiate of Gozag.
             Slain by a shadow wraith (11 damage)
             ... in the Dungeon (Sprint VII: "The Pits").
             The game lasted 00:03:31 (1366 turns).

mhtbhm the Grappler (Troll Transmuter)              Turns: 1366, Time: 00:03:32

Health: -1/94      AC:  9    Str: 24    XL:     10   Next: 8%
Magic:  19/20      EV: 11    Int: 12    God:    Gozag
Gold:   1796       SH:  0    Dex: 10    Spells: 13/23 levels left

rFire   + . .      SeeInvis .     - Unarmed
rCold   . . .      Faith    .   (no shield)
rNeg    . . .      Spirit   .   a - +2 robe {rF+}
rPois   .          Reflect  .   (helmet currently unavailable)
rElec   .          Harm     .   (no cloak)
rCorr   .          Rampage  .   (gloves unavailable)
Will    .....      NoTele   +   (boots unavailable)
Stlth   ++........              (no amulet)
HPRegen 1.05/turn               l - +3 ring of protection
MPRegen 0.17/turn               m - +3 ring of intelligence

@: appendages (expiring), wereblooded, slowed, very slow
A: horns 2, talons 2, large, unfitting armour, claws 3, regeneration 1, shaggy
fur 1, tough skin 1
a: End Transformation, Renounce Religion, Potion Petition, Call Merchant, Bribe
Branch


You were in the Dungeon.
You worshipped Gozag.
Gozag was most pleased with you.
You had temporarily grown beastly horns and talons.
You visited 1 branch You collected 2376 gold pieces.
You paid 580 gold pieces to Gozag.

Inventory:

Armour
 a - a +2 robe of fire resistance (worn)
Jewellery
 l - a +3 ring of protection (left claw)
 m - a +3 ring of intelligence (right claw)
Scrolls
 h - a scroll of blinking
 j - 5 scrolls of amnesia
 k - a scroll of summoning
Potions
 b - a potion of lignification
 c - 7 potions of curing
 d - 6 potions of heal wounds
 e - a potion of haste
 f - 4 potions of magic
 g - 3 potions of berserk rage
 i - 2 potions of invisibility
 n - a potion of might
 o - a potion of resistance
 p - a potion of brilliance
 q - a potion of mutation


   Skills:
 + Level 4.3 Fighting
 + Level 6.8 Dodging
 + Level 2.1 Stealth
 + Level 14.8 Unarmed Combat
 + Level 7.4 Spellcasting
 + Level 7.8 Transmutations
 + Level 3.9 Ice Magic
 + Level 0.1 Poison Magic


You had 13 spell levels left.
You knew the following spells:

 Your Spells              Type           Power      Damage    Failure   Level
a - Beastly Appendage     Tmut           46%        N/A       1%          1
b - Wereblood             Tmut           23%        N/A       1%          2
c - Spider Form           Tmut/Pois      14%        N/A       9%          3
d - Ice Form              Ice/Tmut       18%        N/A       14%         4

Your spell library contained the following spells:

 Spells                   Type           Power      Damage    Failure   Level


Dungeon Overview and Level Annotations

Branches:
Dungeon (1/1)

Altars:
Ashenzari
Cheibriados
Dithmenos
Elyvilon
Fedhas
Gozag
Hepliaklqana
Kikubaaqudgha
Makhleb
Nemelex Xobeh
Okawaru
Qazlal
Ru
Sif Muna
Trog
Uskayaw
Vehumet
Wu Jian
Xom
Yredelemnul
Zin
The Shining One
Beogh
Jiyva
Lugonu


Innate Abilities, Weirdness & Mutations

You have temporarily grown beastly horns and talons.
You are too large for most types of armour.
You have claws for hands.
Your natural rate of healing is unusually fast.
You are covered in fur. (AC +1)
You have tough skin. (AC +1)


Message History

Your transformation is almost over.
You open the door.
A guardian serpent and a cyclops come into view.
The guardian serpent shouts!
The cyclops shouts!
You hear a chilling moan.
The guardian serpent casts a spell at you.
You feel yourself slow down.
Unknown command.
You mangle the guardian serpent!! You claw the guardian serpent!
Your headbutt misses the guardian serpent.
The guardian serpent is severely wounded.
The guardian serpent coils itself and waves its upper body at you.
The cyclops blinks!
The death yak blinks!
You miss the guardian serpent. Your kick misses the guardian serpent.
Your headbutt misses the guardian serpent.
The guardian serpent is severely wounded.
The guardian serpent hits you. The death yak barely misses you.
Something hits you but does no damage.
Deactivating autopickup; reactivate with Ctrl-A.
The guardian serpent coils itself and waves its upper body at you.
You feel as though you will be slow longer.
The cyclops hits you!! The death yak gores you!
Something hits you but does no damage.
Unknown command.
You claw the guardian serpent!
The guardian serpent is almost dead.
The guardian serpent misses you. The guardian serpent hits you!
The death yak closely misses you. Something hits you!
* * * LOW HITPOINT WARNING * * *
Something drains your vigour!
You feel as though you will be slow longer.
Unknown command.
You feel much better. The guardian serpent hits you. The cyclops hits you!!
* * * LOW HITPOINT WARNING * * *
The death yak gores you!
* * * LOW HITPOINT WARNING * * *
The guardian serpent hits you.
* * * LOW HITPOINT WARNING * * *
Something hits you!
You die...
Your body crumbles into a pile of gold.

..#.##.......##........
.)'.##.......##........
######...<...##..#####.
)))[##.......##..)...#
)))[##.......##..#...#
######.......##..#...#
.#..###########..#####.+
.#.############.C......#
.#.#....#..[[##Y@......#
.#'#....#..[[###S###...#
.#.)....'..))# ... ..#
.#'#....#..))##.... ..
.'.#....#..))##....# .
####################


You could see a death yak, a cyclops and a guardian serpent.

Vanquished Creatures
  An orc high priest (D)
  A bog body (D)
  2 orc sorcerers (D)
  An elephant (D)
  A molten gargoyle (D)
  An orange demon (D)
  A flying skull (D)
  A warg (D)
  2 floating eyes (D)
  4 orc warriors (D)
  A sky beast (D)
  A black bear (D)
  A kobold brigand (D)
  Blork the orc (D)
  A crimson imp (D)
  A quasit (D)
  A jelly (D)
  A gnoll shaman (D)
  An iguana (D)
  3 gnolls (D)
  3 river rats (D)
  An ufetubus (D)
  3 ball pythons (D)
  A giant cockroach (D)
  A goblin (D)
  A hobgoblin (D)
  A kobold (D)
  A ball python zombie (D)
39 creatures vanquished.

Notes
Turn   | Place    | Note
-------+----------+-------------------------------------------
     0 | D        | mhtbhm the Troll Transmuter began the quest for the Orb.
     0 | D        | Reached XP level 1. HP: 18/18 MP: 1/1
    20 | D        | Found a bloodstained altar of Trog.
    20 | D        | Found a shimmering blue altar of Sif Muna.
    20 | D        | Found a viscous altar of Jiyva.
    20 | D        | Found a hazy altar of Hepliaklqana.
    20 | D        | Found an opulent altar of Gozag.
    21 | D        | Found a glowing golden altar of the Shining One.
    21 | D        | Found a glowing silver altar of Zin.
    21 | D        | Found a basalt altar of Yredelemnul.
    21 | D        | Found a shimmering altar of Xom.
    21 | D        | Found an ornate altar of the Wu Jian Council.
    21 | D        | Found a sacrificial altar of Ru.
    21 | D        | Found a stormy altar of Qazlal.
    21 | D        | Found an iron altar of Okawaru.
    21 | D        | Found a sparkling altar of Nemelex Xobeh.
    21 | D        | Found a burning altar of Makhleb.
    21 | D        | Found a blossoming altar of Fedhas.
    21 | D        | Found a white marble altar of Elyvilon.
    21 | D        | Found a shadowy altar of Dithmenos.
    21 | D        | Found a snail-covered altar of Cheibriados.
    24 | D        | Found a corrupted altar of Lugonu.
    24 | D        | Found a radiant altar of Vehumet.
    25 | D        | Found an ancient bone altar of Kikubaaqudgha.
    25 | D        | Found a hide-covered altar of Uskayaw.
    25 | D        | Found a broken altar of Ashenzari.
    28 | D        | Became a worshipper of Gozag Ym Sagoz the Greedy
    64 | D        | Noticed a floating eye
    67 | D        | Killed a floating eye
    68 | D        | Reached skill level 1 in Fighting
    68 | D        | Reached skill level 7 in Unarmed Combat
    68 | D        | Reached XP level 2. HP: 27/27 MP: 0/4
    68 | D        | Reached XP level 3. HP: 33/33 MP: 0/6
    68 | D        | Reached XP level 4. HP: 41/41 MP: 0/7
   257 | D        | Learned a level 2 spell: Wereblood
   261 | D        | Learned a level 3 spell: Spider Form
   412 | D        | Noticed a floating eye
   415 | D        | Killed a floating eye
   416 | D        | Reached skill level 8 in Unarmed Combat
   416 | D        | Reached XP level 5. HP: 46/48 MP: 4/9
   419 | D        | Reached skill level 9 in Unarmed Combat
   496 | D        | Learned a level 4 spell: Ice Form
   834 | D        | Noticed a sky beast
   841 | D        | Killed a sky beast
   842 | D        | Reached skill level 1 in Stealth
   842 | D        | Reached XP level 6. HP: 57/57 MP: 2/11
   845 | D        | Noticed Blork the orc
   851 | D        | Killed Blork the orc
   852 | D        | Reached skill level 10 in Unarmed Combat
   853 | D        | Reached XP level 7. HP: 62/65 MP: 3/12
  1039 | D        | Noticed a flying skull
  1041 | D        | Killed a flying skull
  1042 | D        | Reached skill level 5 in Spellcasting
  1042 | D        | Reached skill level 5 in Transmutations
  1042 | D        | Reached skill level 1 in Ice Magic
  1045 | D        | Noticed a bog body
  1051 | D        | Killed a bog body
  1052 | D        | Reached skill level 5 in Dodging
  1052 | D        | Reached skill level 11 in Unarmed Combat
  1052 | D        | Reached XP level 8. HP: 74/74 MP: 7/15
  1055 | D        | Noticed an orange demon
  1055 | D        | Noticed an elephant
  1063 | D        | Killed an elephant
  1064 | D        | Reached skill level 12 in Unarmed Combat
  1070 | D        | Killed an orange demon
  1188 | D        | Noticed an orc high priest
  1188 | D        | Noticed an orc sorcerer
  1188 | D        | Noticed an orc sorcerer
  1192 | D        | Noticed a soul eater
  1193 | D        | Killed an orc sorcerer
  1194 | D        | Reached skill level 13 in Unarmed Combat
  1194 | D        | Reached XP level 9. HP: 83/83 MP: 11/18
  1196 | D        | Killed an orc sorcerer
  1199 | D        | Noticed an ice devil
  1199 | D        | Noticed a soul eater
  1201 | D        | Killed an orc high priest
  1202 | D        | Reached skill level 14 in Unarmed Combat
  1338 | D        | Noticed a molten gargoyle
  1346 | D        | Killed a molten gargoyle
  1347 | D        | Reached XP level 10. HP: 77/94 MP: 16/20
  1359 | D        | Noticed a death yak
  1362 | D        | Noticed a guardian serpent
  1362 | D        | Noticed a cyclops
  1366 | D        | Slain by a shadow wraith

Illustrated notes

Levels and vault maps discovered:
D:        pitsprint [storerooms_1, entrance_room_1, metal_vault_8, armoury_2,
          mini_pit_1, grid_room_1, main_hall_1, silver_pit, the_coven_2,
          the_vestibule_1, steel_vault_1, golden_pit, hallway_of_sentries,
          crystal_vault_4, iron_vault_4, final_vault]

Skill      XL: |  1  2  3  4  5  6  7  8  9 |
---------------+----------------------------+-----
Fighting       | 1 2 3 4 |  4.3
Dodging        | 3 4 5 6 |  6.8
Unarmed Combat | 7 8 9 10 11 13 14 | 14.8
Spellcasting   | 2 3 4 5 6 7 |  7.4
Transmutations | 2 3 4 6 7 |  7.8
Stealth        | 1 2 |  2.1
Ice Magic      | 2 3 |  3.9
Poison Magic   | |  0.1

Action                   |  1- 3 |  4- 6 |  7- 9 | 10-12 || total
-------------------------+-------+-------+-------+-------++-------
Melee: Unarmed           |     4 |    26 |    53 |     5 ||    88
       Headbutt          |     1 |     1 |     3 |       ||     5
       Kick              |       |     4 |     4 |     1 ||     9
       Punch             |       |     1 |     1 |       ||     2
 Cast: Beastly Appendage |     2 |     2 |     1 |       ||     5
       Wereblood         |       |     2 |     4 |       ||     6
       Ice Form          |       |     1 |     2 |       ||     3
       Spider Form       |       |       |     1 |       ||     1
Invok: Potion Petition   |       |       |     1 |       ||     1
  Use: Potion            |       |       |     5 |     1 ||     6
Armor: Robe              |       |     4 |       |     3 ||     7
       Skin              |       |       |    22 |       ||    22
Dodge: Dodged            |     1 |    14 |    43 |     3 ||    61

Table legend: (Time is in decaauts)
 A = Elapsed time spent in this place.
 B = Non-inter-level travel time spent in this place.
 C = Inter-level travel time spent in this place.
 D = Time resting spent in this place.
 E = Time spent auto-exploring this place.
 F = Levels seen in this place.
 G = Mean time per level.
                   A        B        C        D        E       F      G
               +--------+--------+--------+--------+--------+-----+--------+
         Total |   1328 |   1272 |     56 |    829 |      0 |   1 | 1328.0 |
       Dungeon |   1328 |   1272 |     56 |    829 |      0 |   1 | 1328.0 |
               +--------+--------+--------+--------+--------+-----+--------+

Top non-repeatable levels by time:
       D: 1328 daAuts
